 Dungeon Crawl Stone Soup version 0.24.0-35-gdb84b6a5db (webtiles) character file.

Game seed: 3437433776663664425, levelgen mode: deterministic

203123 Flugslaktarn the Severer (level 17, -1/159 HPs)
             Began as a Minotaur Fighter on Nov 18, 2019.
             Was the Champion of Makhleb.
             Killed from afar by Boris (56 damage)
             ... with a bolt of cold
             ... on level 2 of the Vaults.
             The game lasted 00:26:20 (28521 turns).

Flugslaktarn the Severer (Minotaur Fighter)        Turns: 28521, Time: 00:26:20

Health: -1/159     AC: 24    Str: 27    XL:     17   Next: 46%
Magic:  26/26      EV:  9    Int:  4    God:    Makhleb [******]
Gold:   1392       SH: 21    Dex: 10    Spells: 16/16 levels left

rFire    + + +     SeeInvis .   g - +6 broad axe (chop)
rCold    . . .     Gourm    .   F - +0 large shield
rNeg     . . .     Faith    .   C - +0 plate armour
rPois    +         Spirit   .   (helmet restricted)
rElec    .         Reflect  .   I - +1 cloak "Pizol" {rF+++ Regen+ Str-3 Stlth+}
rCorr    .         Harm     .   B - +0 pair of gloves
MR       ++...     Clarity  +   T - +1 pair of boots "Tehopp" {rPois Str+3 Slay+2}
Stlth    ..........             b - amulet of rage
HPRegen  0.76/turn              y - +3 ring of evasion
MPRegen  0.20/turn              m - ring of protection from magic

@: marked, very slightly contaminated, lightly drained
A: retaliatory headbutt, horns 2, clarity, dopey 1
}: 2/15 runes: decaying, gossamer
a: Minor Destruction, Lesser Servant of Makhleb, Major Destruction, Greater
Servant of Makhleb, Renounce Religion, Evoke Berserk Rage


You were on level 2 of the Vaults.
You worshipped Makhleb.
Makhleb was exalted by your worship.
You were not hungry.

You visited 5 branches of the dungeon, and saw 30 of its levels.
You also visited: Ossuary and Bailey.

You collected 2025 gold pieces.
You spent 633 gold pieces at shops.

Inventory:

Hand Weapons
 g - a +6 broad axe of chopping (weapon)
   (You bought it in a shop on level 5 of the Dungeon)
 O - the +1 war axe "Killer Klown's Peril" {freeze, rElec Str+6}
   (You found it on level 9 of the Dungeon)

   It has been specially enchanted to freeze those struck by it, causing extra
   injury to most foes and up to half again as much damage against particularly
   susceptible opponents.
   It can also slow down cold-blooded creatures.
   It affects your strength (+6).
   It insulates you from electricity.
 Z - a +4 broad axe
   (You took it off an orc warrior in a bailey)
Missiles
 u - 8 throwing nets (quivered)
Armour
 B - a +0 pair of gloves (worn)
   (You found it on level 3 of the Dungeon)
 C - a +0 plate armour (worn)
   (You found it on level 3 of the Dungeon)
 F - a +0 large shield (worn)
   (You bought it in a shop on level 7 of the Dungeon)
 I - the +1 cloak "Pizol" (worn) {rF+++ Regen+ Str-3 Stlth+}
   (You found it on level 2 of the Lair of Beasts)

   It affects your strength (-3).
   It renders you almost immune to fire.
   It increases your rate of regeneration.
   It makes you more stealthy.
 T - the +1 pair of boots "Tehopp" (worn) {rPois Str+3 Slay+2}
   (You found it on level 2 of the Lair of Beasts)

   It affects your strength (+3).
   It affects your accuracy and damage with ranged weapons and melee attacks
   (+2).
   It protects you from poison.
Jewellery
 b - an amulet of rage (around neck)
   (You found it on level 12 of the Dungeon)
 c - an uncursed ring of protection from cold
   (You found it on level 13 of the Dungeon)
 f - an uncursed ring of protection from fire
   (You found it on level 1 of the Dungeon)
 m - a ring of protection from magic (right hand)
   (You took it off an orc on level 8 of the Dungeon)
 n - an uncursed ring of positive energy
   (You found it on level 14 of the Dungeon)
 y - a +3 ring of evasion (left hand)
   (You found it on level 1 of the Dungeon)
 Q - an uncursed ring of protection from magic
   (You found it on level 14 of the Dungeon)
 U - the ring of Vazesoso {+Blink EV+2}
   (You found it on level 5 of the Lair of Beasts)

   [ring of evasion]

   It affects your evasion (+2).
   It lets you blink.
Wands
 o - a wand of paralysis (10)
   (You found it on level 14 of the Dungeon)
 v - a wand of digging (15)
   (You took it off Ijyb on level 3 of the Dungeon)
 x - a wand of enslavement (35)
   (You found it on level 3 of the Dungeon)
 H - a wand of iceblast (5)
   (You found it on level 1 of the Lair of Beasts)
Scrolls
 j - 5 scrolls of fog
 p - 8 scrolls of remove curse
 r - 7 scrolls of identify
 t - 4 scrolls of teleportation
 z - a scroll of blinking
 D - 6 scrolls of enchant armour
 E - 6 scrolls of immolation
 K - 5 scrolls of magic mapping
 M - 3 scrolls of fear
 S - a scroll of vulnerability
 W - 2 scrolls of summoning
 X - a scroll of holy word
Potions
 d - 3 potions of might
 h - 10 potions of haste
 i - 5 potions of flight
 k - 2 potions of magic
 l - 2 potions of cancellation
 q - 15 potions of curing
 s - 5 potions of agility
 A - 4 potions of lignification
 G - 7 potions of ambrosia
 J - 6 potions of resistance
 L - 4 potions of berserk rage
 N - 5 potions of brilliance
 P - 2 potions of invisibility
 V - a potion of mutation
Miscellaneous
 R - a lamp of fire
   (You found it on level 4 of the Swamp)
Comestibles
 a - 30 chunks of flesh
 e - 70 rations


   Skills:
 + Level 16.5(15.8) Fighting
 - Level 18.0(17.2) Axes
 + Level 16.6(15.9) Armour
 + Level 16.4(15.7) Shields
 + Level 13.8(13.1) Invocations


You had 16 spell levels left.
You didn't know any spells.
Your spell library was empty.

Dungeon Overview and Level Annotations

Branches:
Dungeon (14/15)            Temple (0/1) D:7            Lair (6/6) D:11
  Swamp (4/4) Lair:4       Spider (4/4) Lair:3        Slime (0/5) Lair:6
    Orc (0/2) D:12         Vaults (2/5) D:14        Ossuary (visited)
 Bailey (visited)
  Crypt: Vaults:2-3

Altars:
Dithmenos
Elyvilon
Fedhas
Makhleb
Uskayaw
Vehumet
The Shining One
Jiyva

Shops:
D:5 (   D:7 *[(   D:12 !

Annotations:
D:9 1 transporter, rgaf's ghost, novice GrNe
Lair:6 1 runed translucent door
Swamp:2 1 runed translucent door, Ypsiuj's ghost, adept GnSk
Spider:4 Mara
Vaults:2 Boris


Innate Abilities, Weirdness & Mutations

You reflexively headbutt those who attack you in melee.
You have a pair of horns on your head.
You possess an exceptional clarity of mind.
You are dopey. (Int -2)


Message History

The bolt of cold hits you!!!
* * * LOW HITPOINT WARNING * * *
The yaktaur shoots a bolt.
You block the bolt.
You see here a bolt.
You feel much better.
You feel much better.
The yaktaur shoots a bolt.
The bolt hits you but does no damage.
Evoke which item? (* to show all) (? for menu, Esc to quit)
Aiming: Iceblast
Press: ? - help, Shift-Dir - straight line, f - yaktaur
Aim: a yaktaur, wielding a +0 arbalest The mass of ice explodes!
The iceblast engulfs the yaktaur!
The yaktaur is moderately wounded.
The iceblast engulfs the fire dragon.
The fire dragon is lightly wounded.
The iceblast engulfs something.
You hear some strange, mumbled words.
A bolt of cold appears from out of thin air!
The bolt of cold hits you!!!
You die...

#............#
#............#
#............#
#............#
##################'######
........................#
......).)...............#
.....)(()....(D......[..#
....$.†......c(.@.......#
##########'#C############
............#
p......#....# .......
....# #'#'### ##### ..


You could see a fire dragon, a cyclops and a yaktaur.

Vanquished Creatures
  3 thorn hunters
  Kirke (Lair:5)
  An azure jelly (Swamp:4)
  A tengu reaver (D:11)
  A vault warden (Vaults:2)
  3 ghost moths (Spider:4)
  9 emperor scorpions
  8 entropy weavers
  A spark wasp (Spider:3)
  A fire dragon (Lair:6)
  A yaktaur captain (Vaults:2)
  2 ice dragons (Swamp:4)
  Harold (D:10)
  3 vault guards
  9 hydras
  8 two-headed ogres
  4 shambling mangroves
  A ghost crab (Swamp:3)
  A queen ant (D:12)
  6 centaur warriors
  2 ogre magi (Vaults:2)
  8 alligators
  A deep elf knight (Vaults:2)
  A hell knight (Vaults:2)
  3 skeletal warriors
  A spriggan druid (Swamp:4)
  2 unseen horrors (D:14)
  5 swamp dragons
  4 wizards (D:14)
  2 orc knights
  3 ironbrand convokers (Vaults:2)
  10 orb spiders
  2 deep elf magi (D:12)
  3 cyclopes
  5 ugly things (D:14)
  2 moths of wrath (Spider:3)
  An orc sorcerer (Bailey)
  11 wolf spiders
  A frost giant skeleton (Vaults:2)
  A guardian serpent (shapeshifter) (Vaults:2)
  A vault sentinel (Vaults:2)
  6 elephants (Lair:4)
  7 black mambas
  Psyche (D:11)
  A gargoyle (D:11)
  12 spiny frogs
  2 rime drakes
  6 komodo dragons
  5 demonic crawlers
  A kobold demonologist (Bailey)
  6 freezing wraiths
  5 yaktaurs (Vaults:2)
  2 efreet
  8 tyrant leeches
  12 jumping spiders
  3 trolls
  A polar bear (shapeshifter) (D:14)
  11 hornets
  16 slime creatures
  4 bog bodies (Swamp:2)
  3 hippogriffs
  10 blink frogs
  15 dream sheep
  3 wraiths
  4 shadows
  16 tarantellas
  47 yaks
  8 spriggans
  3 basilisks
  61 redbacks
  19 humans (D:14)
  2 steam dragons (Lair:6)
  6 hogs (Lair:5)
  A hungry ghost (D:12)
  A yaktaur simulacrum (Vaults:2)
  9 vampire mosquitoes
  6 swamp worm simulacra (Swamp:4)
  14 insubstantial wisps
  12 swamp worms
  15 soldier ants
  15 water moccasins
  An acid dragon (Lair:6)
  14 hydra simulacra (Swamp:4)
  10 porcupines
  8 swamp drakes
  A black bear (D:9)
  A black bear (shapeshifter) (D:14)
  20 orc warriors
  An eye of draining (D:10)
  14 ice beasts
  A sky beast (D:13)
  3 phantoms
  A necrophage (D:11)
  12 ogres
  16 wolves
  4 boggarts (Vaults:2)
  16 centaurs
  18 crocodiles
  An elf zombie (Ossuary)
  Blork the orc (D:5)
  22 bullfrogs
  2 elf skeletons (D:4)
  A water moccasin zombie (D:6)
  A wyvern skeleton (D:14)
  A water moccasin skeleton (D:6)
  4 scorpions
  3 troll zombies (Swamp:2)
  5 killer bees (D:7)
  9 wights
  2 troll skeletons (Swamp:2)
  2 howler monkeys
  7 electric eels
  7 crimson imps
  A bullfrog zombie (D:11)
  4 centaur zombies
  A quasit (D:6)
  9 hounds
  7 orc priests
  3 bullfrog skeletons
  4 centaur skeletons
  2 human zombies
  4 jellies
  Crazy Yiuf (D:3)
  16 orc wizards
  Terence (D:3)
  A human skeleton (D:4)
  4 iguanas
  Ijyb (D:3)
  26 worker ants
  A hound zombie (D:5)
  2 mummies (Ossuary)
  2 howler monkey zombies
  3 worker ant zombies
  Robin (D:2)
  10 adders
  15 gnolls
  A river rat (D:4)
  A shadow imp (D:10)
  6 oozes
  2 swamp drake simulacra (Swamp:4)
  2 adder zombies
  An adder skeleton (D:6)
  3 worms
  A dart slug (D:2)
  10 leopard geckos
  78 orcs
  7 bats
  5 giant cockroaches
  30 goblins
  17 hobgoblins
  2 jackals (D:5)
  6 quokkas
  A ball python (D:1)
  8 frilled lizards
  13 hobgoblin zombies (Ossuary)
  A jackal zombie (Ossuary)
  8 kobolds
  8 kobold zombies (Ossuary)
  An orc skeleton (D:4)
  8 orc zombies
  A quokka zombie (D:7)
  14 rats
  2 rat zombies (Ossuary)
  6 briar patches (Swamp:2)
  A fungus (Lair:5)
  15 plants
1100 creatures vanquished.

Vanquished Creatures (collateral kills)
  An emperor scorpion (Spider:4)
  An ettin (D:11)
  8 hydras
  An orb spider (Spider:2)
  A jumping spider (Spider:3)
  A tarantella (Spider:2)
  3 redbacks (Spider:4)
  A yak (Lair:4)
  A steam dragon (Lair:6)
  A porcupine (Lair:2)
  A wolf (Lair:4)
  A worker ant (D:11)
  A worker ant zombie (D:7)
  An orc (D:7)
23 creatures vanquished.

Vanquished Creatures (others)
  2 blink frogs (Swamp:4)
  A redback (Spider:2)
  A tarantella (Spider:4)
  An orc warrior (Vaults:2)
  8 fungi
  11 plants
24 creatures vanquished.

Grand Total: 1147 creatures vanquished

Notes
Turn   | Place    | Note
-------+----------+-------------------------------------------
     0 | D:1      | Flugslaktarn the Minotaur Fighter began the quest for the
                  | Orb.
     0 | D:1      | Reached XP level 1. HP: 19/19 MP: 0/0
   150 | D:1      | Reached XP level 2. HP: 27/27 MP: 1/1
   223 | D:1      | Reached skill level 3 in Axes
   469 | D:1      | Reached XP level 3. HP: 33/33 MP: 2/2
  1122 | D:2      | Found a burning altar of Makhleb.
  1122 | D:2      | Noticed an Executioner
  1125 | D:2      | Noticed an orange demon
  1125 | D:2      | Noticed a neqoxec
  1264 | D:2      | Became a worshipper of Makhleb the Destroyer
  1549 | D:2      | Reached XP level 4. HP: 40/40 MP: 3/3
  1625 | D:2      | Noticed Robin
  1631 | D:2      | Reached * piety under Makhleb
  1631 | D:2      | Reached skill level 4 in Axes
  1641 | D:2      | Killed Robin
  2330 | D:3      | Reached XP level 5. HP: 46/46 MP: 4/4
  2390 | D:3      | Noticed Ijyb
  2403 | D:3      | Killed Ijyb
  2403 | D:3      | Reached skill level 1 in Invocations
  2482 | D:3      | Noticed Terence
  2489 | D:3      | Killed Terence
  2820 | D:3      | Reached skill level 5 in Axes
  3102 | D:3      | Reached ** piety under Makhleb
  3191 | D:3      | Found a runed translucent door.
  3192 | D:3      | Noticed Crazy Yiuf
  3385 | D:3      | Killed Crazy Yiuf
  3385 | D:3      | Reached XP level 6. HP: 53/53 MP: 6/6
  3534 | D:4      | Reached skill level 5 in Armour
  3545 | D:4      | Found a sand-covered staircase.
  3550 | Ossuary  | Entered an ossuary
  3595 | Ossuary  | Reached skill level 5 in Fighting
  3619 | Ossuary  | Reached skill level 5 in Shields
  3625 | Ossuary  | Reached XP level 7. HP: 37/61 MP: 7/7
  3633 | Ossuary  | Reached skill level 6 in Axes
  3636 | Ossuary  | Reached *** piety under Makhleb
  3973 | D:4      | Found a glowing golden altar of the Shining One.
  3973 | D:4      | Found a radiant altar of Vehumet.
  4149 | D:4      | Reached skill level 7 in Axes
  4444 | D:5      | Entered Level 5 of the Dungeon
  4538 | D:5      | Reached XP level 8. HP: 66/70 MP: 9/9
  4681 | D:5      | Found Reuri's Weapon Boutique.
  4697 | D:5      | Bought a +0 broad axe for 52 gold pieces
  4772 | D:5      | Noticed Blork the orc
  4800 | D:5      | Killed Blork the orc
  5076 | D:5      | Reached skill level 8 in Axes
  5167 | D:5      | Reached **** piety under Makhleb
  5783 | D:6      | Reached XP level 9. HP: 78/78 MP: 11/11
  6006 | D:6      | Reached skill level 9 in Axes
  6256 | D:7      | Paralysed by a hornet for 3 turns
  6268 | D:7      | Found Waink's Armour Emporium.
  6293 | D:7      | Paralysed by a hornet for 2 turns
  6761 | D:7      | Found Ecvaex's General Store.
  6768 | D:7      | Bought a +0 large shield for 63 gold pieces
  6768 | D:7      | Bought a potion of curing for 42 gold pieces
  6768 | D:7      | Bought a scroll of teleportation for 42 gold pieces
  7140 | D:7      | Found a staircase to the Ecumenical Temple.
  7175 | D:7      | Reached skill level 5 in Invocations
  7194 | D:7      | Found a shadowy altar of Dithmenos.
  7204 | D:7      | Reached skill level 10 in Axes
  7209 | D:7      | Got a steaming ring mail
  7220 | D:7      | Identified the +1 ring mail of Suvygudgh {SInv} (You found
                  | it on level 7 of the Dungeon)
  7340 | D:7      | Found Lycit's Weapon Shoppe.
  7761 | D:8      | Reached XP level 10. HP: 88/88 MP: 13/13
  7894 | D:8      | Found a white marble altar of Elyvilon.
  8665 | D:9      | Noticed a two-headed ogre
  8681 | D:9      | Killed a two-headed ogre
  8823 | D:9      | Found a transporter.
  8824 | D:9      | Noticed rgaf's ghost (novice GrNe)
  8824 | D:9      | Noticed a two-headed ogre
  8860 | D:9      | Reached ***** piety under Makhleb
  8860 | D:9      | Reached skill level 11 in Axes
  8866 | D:9      | Noticed a two-headed ogre
  9333 | D:9      | Got a steaming war axe
  9334 | D:9      | Identified the cursed +1 war axe "Killer Klown's Peril"
                  | {freeze, rElec Str+6} (You found it on level 9 of the
                  | Dungeon)
  9551 | D:10     | Entered Level 10 of the Dungeon
  9629 | D:10     | Noticed Harold
  9668 | D:10     | Killed Harold
  9982 | D:10     | Reached skill level 12 in Axes
  9982 | D:10     | Reached XP level 11. HP: 95/97 MP: 14/14
 10601 | D:11     | Noticed a two-headed ogre
 10611 | D:11     | Killed a two-headed ogre
 10614 | D:11     | Noticed an ettin
 10626 | D:11     | Noticed a tengu reaver
 11192 | D:11     | Found a blossoming altar of Fedhas.
 11219 | D:11     | Killed a tengu reaver
 11246 | D:11     | Killed an ettin
 11264 | D:11     | Noticed a six-headed hydra
 11275 | D:11     | Killed a six-headed hydra
 11427 | D:11     | Found a hide-covered altar of Uskayaw.
 11485 | D:11     | Noticed Psyche
 11495 | D:11     | Killed Psyche
 11746 | D:11     | Reached skill level 13 in Axes
 11748 | D:11     | Reached skill level 10 in Armour
 11794 | D:11     | Found a staircase to the Lair.
 11823 | Lair:1   | Entered Level 1 of the Lair of Beasts
 11833 | Lair:1   | Reached skill level 10 in Fighting
 11838 | Lair:1   | Gained mutation: Your spells are a little harder to cast,
                  | but a little more powerful. [potion of mutation]
 11838 | Lair:1   | Gained mutation: You have sharp fingernails. [potion of
                  | mutation]
 11839 | Lair:1   | Lost mutation: Your spells are a little harder to cast, but
                  | a little more powerful. [potion of mutation]
 11839 | Lair:1   | Lost mutation: You have sharp fingernails. [potion of
                  | mutation]
 11839 | Lair:1   | Gained mutation: You are dopey. (Int -2) [potion of
                  | mutation]
 11839 | Lair:1   | Gained mutation: You are weak. (Str -2) [potion of
                  | mutation]
 11839 | Lair:1   | Lost mutation: You are weak. (Str -2) [potion of mutation]
 11839 | Lair:1   | Gained mutation: You possess an exceptional clarity of
                  | mind. [potion of mutation]
 11876 | Lair:1   | Reached skill level 10 in Shields
 11988 | Lair:1   | Reached XP level 12. HP: 101/106 MP: 16/16
 12170 | Lair:1   | Noticed an eight-headed hydra
 12180 | Lair:1   | Killed an eight-headed hydra
 13021 | Lair:2   | Noticed a seven-headed hydra
 13044 | Lair:2   | Killed a seven-headed hydra
 13321 | Lair:2   | Reached skill level 14 in Axes
 13353 | Lair:2   | Got a blackened cloak
 13364 | Lair:2   | Identified the +1 cloak "Pizol" {rF+++ Regen+ Str-3 Stlth+}
                  | (You found it on level 2 of the Lair of Beasts)
 13764 | Lair:2   | Noticed an eight-headed hydra
 13764 | Lair:2   | Noticed a five-headed hydra
 13769 | Lair:2   | Noticed a seven-headed hydra
 13796 | Lair:2   | Killed a nine-headed hydra
 13874 | Lair:2   | Killed a five-headed hydra
 13975 | Lair:2   | Killed a seven-headed hydra
 14252 | Lair:2   | Got a pair of warped boots
 14258 | Lair:2   | Identified the +1 pair of boots "Tehopp" {rPois Str+3
                  | Slay+2} (You found it on level 2 of the Lair of Beasts)
 14518 | Lair:3   | Found a hole to the Spider Nest.
 15353 | Lair:4   | Found a staircase to the Swamp.
 15359 | Lair:4   | Noticed a six-headed hydra
 15389 | Lair:4   | Killed a 15-headed hydra
 15389 | Lair:4   | Reached skill level 15 in Axes
 15389 | Lair:4   | Reached XP level 13. HP: 31/116 MP: 18/18
 16508 | Lair:5   | Got a coiled marble ring
 16550 | Lair:5   | Noticed Kirke
 16567 | Lair:5   | Killed Kirke
 16569 | Lair:5   | Identified the ring of Vazesoso {+Blink EV+2} (You found it
                  | on level 5 of the Lair of Beasts)
 17051 | Lair:6   | Entered Level 6 of the Lair of Beasts
 17196 | Lair:6   | Reached skill level 16 in Axes
 17388 | Lair:6   | Found a runed translucent door.
 17388 | Lair:6   | Found a viscous altar of Jiyva.
 17388 | Lair:6   | Noticed an acid blob
 17389 | Lair:6   | Found a staircase to the Slime Pits.
 17389 | Lair:6   | Noticed an acid blob
 17389 | Lair:6   | Noticed an acid blob
 17632 | Lair:6   | Noticed a fire dragon
 17645 | Lair:6   | Killed a fire dragon
 17653 | Lair:6   | Reached XP level 14. HP: 127/127 MP: 20/20
 17803 | Lair:6   | Reached skill level 10 in Invocations
 18209 | Swamp:1  | Entered Level 1 of the Swamp
 18912 | Swamp:2  | Reached skill level 17 in Axes
 19145 | Swamp:4  | Entered Level 4 of the Swamp
 19270 | Swamp:4  | Reached ****** piety under Makhleb
 19453 | Spider:1 | Entered Level 1 of the Spider Nest
 19498 | Spider:2 | Noticed an entropy weaver
 19498 | Spider:2 | Noticed an entropy weaver
 19677 | Lair:3   | Killed an entropy weaver
 19693 | Spider:1 | Killed an entropy weaver
 19868 | Spider:2 | Noticed an emperor scorpion
 19891 | Spider:2 | Killed an emperor scorpion
 20101 | Spider:3 | Noticed an entropy weaver
 20109 | Spider:3 | Noticed an entropy weaver
 20132 | Spider:3 | Killed an entropy weaver
 20342 | Spider:3 | Reached XP level 15. HP: 136/136 MP: 22/22
 20652 | Spider:3 | Reached skill level 18 in Axes
 21348 | Spider:4 | Entered Level 4 of the Spider Nest
 21523 | Spider:4 | Paralysed by a hornet for 2 turns
 21590 | Spider:4 | Noticed Mara
 21942 | Spider:4 | Noticed Flugslaktarn's illusion
 22049 | Spider:4 | Noticed Flugslaktarn's illusion
 22161 | Spider:4 | Noticed Flugslaktarn's illusion
 22181 | Spider:4 | Noticed Flugslaktarn's illusion
 22320 | Spider:4 | Noticed Flugslaktarn's illusion
 22395 | Spider:4 | Killed a ghost moth
 22411 | Spider:4 | Killed a ghost moth
 22459 | Spider:4 | Killed a ghost moth
 22473 | Spider:4 | Got a gossamer rune of Zot
 22514 | Spider:4 | Noticed Flugslaktarn's illusion
 23094 | D:12     | Found a flagged portal.
 23099 | Bailey   | Entered a bailey
 23154 | Bailey   | Found an iron altar of Okawaru.
 23162 | Bailey   | Reached XP level 16. HP: 147/147 MP: 24/24
 23638 | Bailey   | Identified a +1 pair of boots of running (You acquired it
                  | in a bailey)
 23854 | D:12     | Found Heohuok's Distillery.
 23860 | D:12     | Bought a potion of heal wounds for 70 gold pieces
 23860 | D:12     | Bought 2 potions of haste for 280 gold pieces
 23860 | D:12     | Bought a potion of curing for 42 gold pieces
 23860 | D:12     | Bought a potion of curing for 42 gold pieces
 23902 | D:12     | Found a staircase to the Orcish Mines.
 24259 | D:12     | Reached skill level 15 in Armour
 25201 | Swamp:2  | Noticed a thorn hunter
 25217 | Swamp:2  | Killed a thorn hunter
 25217 | Swamp:2  | Reached skill level 15 in Fighting
 25226 | Swamp:2  | Reached skill level 15 in Shields
 25345 | Swamp:2  | Noticed a thorn hunter
 25505 | Swamp:2  | Killed a thorn hunter
 25931 | Swamp:2  | Identified the ring "Junerueck" {Ice +Blink rPois MP+9
                  | Str-5}
 25938 | Swamp:2  | Noticed a thorn hunter
 25945 | Swamp:2  | Identified the +7 trident of Mana {elec, rF- rN+++ Str+6}
 25950 | Swamp:2  | Found a runed translucent door.
 25953 | Swamp:2  | Noticed Ypsiuj's ghost (adept GnSk)
 26466 | Swamp:4  | Noticed a thorn hunter
 26472 | Swamp:4  | Killed a thorn hunter
 26730 | Swamp:4  | Got a decaying rune of Zot
 27808 | D:14     | Found a gate to the Vaults.
 27814 | D:14     | Reached XP level 17. HP: 158/158 MP: 25/25
 28182 | Vaults:1 | Entered Level 1 of the Vaults
 28492 | Vaults:2 | Noticed Boris
 28517 | Vaults:2 | HP: 2/159 [something/bolt of cold (53)]
 28521 | Vaults:2 | Killed from afar by Boris

Levels and vault maps discovered:
D:1:      lightli_arrival_boilingwater, layout_loops_ring, st_stairs_9
D:2:      lemuel_upstairs_altar, layout_basic, makhleb_altar_promises_db,
          uniq_robin
D:3:      layout_basic, first_ration, uniq_crazy_yiuf_cottage, uniq_terence,
          uniq_ijyb
D:4:      layout_cave_pools, gammafunk_temple_overflow_wave,
          serial_column_ruins, column_ruins_square_large,
          column_ruins_hut_ruined, column_ruins_open_tiny,
          column_ruins_corridor_dead_end, column_ruins_open_tiny,
          column_ruins_corridor_plus, column_ruins_grid_3,
          column_ruins_corridor_corner, gup_sewer_entry_bowl,
          nicolae_ossuary_entry_catacombs, kennysheep_generic_room_3
D:5:      layout_basic, serial_shops, shop, uniq_blork_the_orc
D:6:      layout_basic
D:7:      layout_loops_ring, grunt_dithmenos_shadows,
          minmay_temple_entry_antechambers, serial_shops, kennysheep_mini_moat,
          nicolae_shop_waterfront, shop
D:8:      layout_cave_pods, marbit_many_paths
D:9:      layout_basic, gammafunk_ghost_smash
D:10:     minmay_flawed_box, layout_basic, special_room [special_room_orc],
          uniq_harold
D:11:     layout_rooms, lair_entry_dummy, gauntlet_entry_generic,
          hangedman_little_slice_of_home, jmf_multi_god_temple, uniq_psyche
D:12:     layout_long_grid, david_orc_2, serial_shops, shop, enter_bailey_3,
          zaba_antful_of_joy
D:13:     layout_loops_ring, kennysheep_big_empty_room, minmay_joined_circles
D:14:     layout_loops_corners, grunt_vaults_entry_tiered,
          kennysheep_minor_cross, minmay_mirror_moons_of_madness
Lair:1:   layout_small_grid
Lair:2:   layout_roguey, hangedman_lair_generics_rect, lemuel_fruit_tree,
          serial_bayou_shore_b
Lair:3:   layout_layer_cave, nicolae_spider_entry_orb_guardian,
          portal_ice_cave_entry_ice_beasts
Lair:4:   layout_loops_ring, swamp_mist, serial_bayou_ford_a
Lair:5:   layout_regular_city, wad_woods_03, grunt_megastairs_2,
          lemuel_fruit_fields, serial_bayou_shore_a, uniq_kirke
Lair:6:   guppyfry_lair_end_dragon, layout_concentric_octagons, slime_altar_2,
          st_stairs_11, grunt_megastairs_3
Swamp:1:  layout_basic_swamp, evilmike_swamp_ruin_house_4, swamp_pool1
Swamp:2:  layout_falls_marsh, ebering_ghost_funeral_grove,
          evilmike_swamp_ruin_rubble_1, swamp_pool1, cheibrodos_swamp_minitomb
Swamp:3:  layout_basic_swamp, hangedman_swamp_pad, swamp_pool1
Swamp:4:  swamp_icy, layout_basic_swamp
Spider:1: layout_spider_delve, nicolae_spider_circle_web
Spider:2: layout_spider_delve
Spider:3: layout_chambers
Spider:4: grunt_spider_rune_circles, spiders_nest_the_unseen, uniq_mara
Vaults:1: nicolae_vaults_theta, nicolae_vaults_little_squares_1,
          grunt_vaults_focal, vaults_room_fours, v_misc_3, v_pattern_3,
          v_rooms_5, layout_vaults_quadrants, uniq_saint_roka
Vaults:2: vaults_mumra_lcd, st_octagons_2, hangedman_vaults_hat,
          ontoclasm_vaults_chip, vaults_dpeg_doors, nicolae_vaults_puzzle_piece,
          ontoclasm_vaults_pinch, nicolae_vaults_network_square,
          minmay_crypt_entry_skeletal_spiral, vaults_room_semicircle, v_misc_4,
          nicolae_vaults_what_the_h, vaults_dpeg_ring, layout_vaults_big_cross,
          uniq_boris, uniq_mennas

Skill      XL: |  1  2  3  4  5  6  7  8  9 10 11 12 13 14 15 16 17 |
---------------+----------------------------------------------------+-----
Axes           | 3 4 5 7 8 10 12 13 15 16 17 18 | 18.0
Fighting       | 4 5 6 7 9 10 11 12 13 14 15 16 | 16.5
Armour         | 4 5 6 8 9 10 11 12 13 14 16 | 16.6
Shields        | 4 5 6 7 9 10 11 12 13 14 15 16 | 16.4
Invocations    | 1 2 3 4 5 6 7 8 9 10 12 13 | 13.8

Action                   |  1- 3 |  4- 6 |  7- 9 | 10-12 | 13-15 | 16-18 || total
-------------------------+-------+-------+-------+-------+-------+-------++-------
Melee: War axe           |   124 |   159 |    96 |   480 |   757 |    45 ||  1661
       Headbutt          |    20 |    33 |    64 |   130 |   286 |   199 ||   732
       Broad axe         |       |       |   257 |    97 |   375 |   752 ||  1481
Invok: Lesser Servant of |       |       |       |    26 |    11 |       ||    37
       Greater Servant o |       |       |       |       |     2 |       ||     2
       Minor Destruction |       |       |       |       |     1 |       ||     1
 Abil: Evoke Flight      |       |       |     1 |       |       |       ||     1
Evoke: Wand              |       |       |     1 |     2 |     7 |     3 ||    13
  Use: Scroll            |       |       |     7 |    19 |    13 |    13 ||    52
       Potion            |       |       |     1 |     6 |     2 |     7 ||    16
 Stab: Distracted        |       |       |       |     1 |     1 |       ||     2
       Confused          |       |       |       |       |     2 |       ||     2
  Eat: Chunk             |     9 |     7 |    14 |    25 |    28 |     8 ||    91
       Ration            |       |       |       |       |       |     1 ||     1
Armor: Scale mail        |    58 |    20 |       |       |       |       ||    78
       Plate armour      |       |    38 |   180 |   250 |   527 |   309 ||  1304
Dodge: Dodged            |    46 |    71 |   119 |   128 |   270 |   173 ||   807
Block: Shield            |    81 |   105 |   139 |       |       |       ||   325
       Large shield      |       |       |    98 |   524 |  1095 |   731 ||  2448
